 Dungeon Crawl Stone Soup version 0.31.0 (webtiles) character file.

Game seed: 3280796550719371890

5816 qw the Skirmisher (level 10, -3/66 HPs)
             Began as a Gargoyle Hunter on Jan 19, 2024.
             Killed by divine providence
             ... invoked by an orc priest
              (11 damage)
             ... on level 9 of the Dungeon.
             The game lasted 00:00:58 (8809 turns).

qw the Skirmisher (Gargoyle Hunter)                 Turns: 8809, Time: 00:00:58

Health: -3/66      AC: 15    Str: 15    XL:     10   Next: 79%
Magic:  0/10       EV: 14    Int: 10    God:
Gold:   197        SH:  0    Dex: 17    Spells: 9/9 levels left

rFire   . . .        r - +1 orcbow
rCold   . . .        (shield currently unavailable)
rNeg    + . .        j - +0 steam dragon scales
rPois   inf          b - +0 helmet
rElec   +            (no cloak)
rCorr   +            (no gloves)
SInv    +            g - +0 pair of boots
Will    .....        m - amulet of guardian spirit
Stlth   ++           k - ring of see invisible
HPRegen 0.31/turn    d - ring of resist corrosion
MPRegen 0.12/turn

%: guardian spirit
@: no status effects
A: sickness immunity, AC +7, negative energy resistance 1, electricity
resistance, torment resistance 1, petrification resistance
a: no special abilities


You were on level 9 of the Dungeon.
You visited 2 branches of the dungeon, and saw 10 of its levels.

You collected 444 gold pieces.
You spent 247 gold pieces at shops.


Innate Abilities, Weirdness & Mutations

You are immune to sickness and miasma.
Your stone body is resilient. (AC +7)
You are immune to poison.
You resist negative energy. (rN+)
You are resistant to electric shocks. (rElec)
You are resistant to unholy torment.
You are immune to petrification.


   Skills:
 - Level 9.0 Fighting
 - Level 13.0 Ranged Weapons
 + Level 3.6 Armour
 - Level 4.0 Dodging
 - Level 1.1 Stealth


You had 9 spell levels left.
You didn't know any spells.
Your spell library was empty.

Inventory:

Hand Weapons
 r - a +1 orcbow (weapon)
Armour
 b - a +0 helmet (worn)
 g - a +0 pair of boots (worn)
 j - +0 steam dragon scales (worn)
Jewellery
 d - a ring of resist corrosion (right hand)
 e - a ring of ice
 k - a ring of see invisible (left hand)
 m - an amulet of guardian spirit (around neck)
Wands
 h - a wand of charming (13)
 i - a wand of polymorph (5)
 q - a wand of roots (3)
Potions
 c - 2 potions of mutation
 l - a potion of might
 n - 3 potions of curing
 o - a potion of enlightenment

Dungeon Overview and Level Annotations

Branches:
Dungeon (9/15)             Temple (1/1) D:7
   Lair: D:8-11         Orc: D:9-12

Altars:
Ashenzari
Cheibriados
Dithmenos
Elyvilon
Fedhas
Gozag
Hepliaklqana
Kikubaaqudgha
Makhleb
Nemelex Xobeh
Qazlal
Ru
Sif Muna
Trog
Vehumet
Wu Jian
Xom
Yredelemnul
Zin
The Shining One

Shops:
D:7 *

Annotations:
D:3 2 transporters, qw's ghost, amateur GrHu
D:8 1 runed translucent door, qw's ghost, novice GrHu


Message History

8799 ||| RETREEEEATING.
The killer bee attacks as it pursues you!
The killer bee closely misses you. x2
You shoot an arrow. The arrow hits the killer bee.
The killer bee is almost dead.
The killer bee stings you but does no damage.
The killer bee misses you.
You shoot an arrow. The arrow hits the killer bee!
You kill the killer bee!
The killer bee stings you but does no damage.
You shoot an arrow. The arrow hits the killer bee!
You kill the killer bee!
You shoot an arrow. The arrow hits the gnoll!
The gnoll is almost dead.
You shoot an arrow.
The arrow hits the gnoll but does no damage.
The gnoll is almost dead.
The gnoll closely misses you.
You shoot an arrow. The gnoll shouts!
The arrow hits the gnoll!
You kill the gnoll!
You shoot an arrow. The arrow hits the orc wizard!
The orc wizard is almost dead.
The orc wizard hits you but does no damage.
You shoot an arrow. The arrow barely misses the orc wizard.
The arrow hits the gnoll sergeant but does no damage.
The gnoll sergeant hits you from afar with a +0 spear.
The orc priest mumbles some strange prayers to Beogh against you.
Beogh smites you!
The orc wizard hits you but does no damage.
You shoot an arrow. The arrow barely misses the orc wizard.
The gnoll sergeant blocks the arrow.
The gnoll sergeant barely misses you.
You shoot an arrow. The arrow hits the orc wizard!
You kill the orc wizard!
The gnoll sergeant hits you but does no damage.
The orc priest calls down the wrath of Beogh upon you.
Beogh smites you!
You die...

#..##.###..###.. #.#...
#............... ....
.###..##.###..###..
........#..##.# #..# ###
..... .....##.###.######
..............%%.........
##......#.#...#.###.######
............o.............
##.... #@#............... ...
...... #)#...............
#..###.#.###g#.........######
...........ggo...............
........g.go...............#
.........g#.##...#.##.#......
...##.o.#.#.##...#.##.#......
........o.o......#.##.#......
#'##.....#.##.#.#.##.#####.#


You could see a gnoll sergeant, an orc priest, 3 gnolls and 3 orcs.

Vanquished Creatures
  2 unseen horror zombies (D:7)
  A hornet (D:7)
  2 wyverns (D:8)
  A wraith (D:9)
  5 yaks
  2 steam dragons (D:8)
  A water moccasin (D:8)
  5 orc warriors
  3 black bears
  A hornet zombie (D:7)
  2 ogres (D:4)
  2 centaurs (D:8)
  3 kobold brigands
  5 bullfrogs
  A necrophage (D:7)
  11 wights
  2 killer bees (D:9)
  6 electric eels (D:7)
  A centaur zombie (D:7)
  4 jellies
  A human zombie (D:7)
  3 orc priests
  A hound (D:5)
  A sleepcap (D:6)
  5 iguanas
  10 orc wizards
  A killer bee zombie (D:7)
  3 mummies (D:7)
  Robin (D:3)
  2 gnolls
  6 adders
  2 shadow imps (D:6)
  A white imp (D:5)
  2 ufetubi (D:6)
  2 ribbon worms
  3 dart slugs
  14 orcs
  7 endoplasms
  2 giant cockroaches
  17 goblins
  9 hobgoblins
  7 quokkas
  5 ball pythons
  9 bats
  5 frilled lizards
  17 kobolds
  5 rats (D:1)
201 creatures vanquished.

Notes
Turn   | Place    | Note
-------+----------+-------------------------------------------
     0 | D:1      | qw the Gargoyle Hunter began the quest for the Orb.
     0 | D:1      | Reached XP level 1. HP: 12/12 MP: 1/1
     0 | D:1      | 0 ||| qw: Version: 0.3-a-132-g3d54051
     0 | D:1      | 0 ||| qw: Game counter: 339
     0 | D:1      | 0 ||| qw: Melee chars always use a shield: true
     0 | D:1      | 0 ||| qw: God list: Okawaru
     0 | D:1      | 0 ||| qw: Allow faded altars: false
     0 | D:1      | 0 ||| qw: Do Orc after clearing Dungeon:15 true
     0 | D:1      | 0 ||| qw: Do second Lair branch before Depths: true
     0 | D:1      | 0 ||| qw: Lair rune preference: random
     0 | D:1      | 0 ||| qw: Goals: Normal
     0 | D:1      | 0 ||| PLANNING D:1-11
    98 | D:1      | Reached XP level 2. HP: 13/17 MP: 2/2
   683 | D:1      | Reached XP level 3. HP: 21/21 MP: 3/3
   810 | D:1      | 810 ||| UPGRADING to +0 pair of boots.
   815 | D:1      | 815 ||| READING scroll labelled IFIOSU TEGRENAZA.
   816 | D:1      | 816 ||| READING 2 scrolls labelled HIOHET ZOPT.
   816 | D:1      | 816 ||| ENCHANTING +0 shortbow.
   817 | D:1      | 817 ||| READING scroll of enchant weapon.
   817 | D:1      | 817 ||| ENCHANTING +1 shortbow.
   818 | D:1      | 818 ||| DROPPING scroll of butterflies.
   881 | D:2      | Reached skill level 5 in Ranged Weapons
   929 | D:2      | Found a faded altar of an unknown god.
  1005 | D:2      | 1005 ||| FLEEEEING.
  1072 | D:2      | 1072 ||| READING scroll of enchant weapon.
  1072 | D:2      | 1072 ||| ENCHANTING +2 shortbow.
  1151 | D:2      | Reached skill level 3 in Fighting
  1182 | D:2      | Reached XP level 4. HP: 28/28 MP: 4/4
  1308 | D:2      | 1308 ||| UPGRADING to +0 ring mail.
  1318 | D:2      | 1318 ||| DROPPING +0 leather armour.
  1319 | D:2      | 1319 ||| UPGRADING to ring of see invisible.
  1320 | D:2      | 1320 ||| READING scroll labelled SAIQYFR EMMU.
  1321 | D:2      | 1321 ||| READING scroll labelled RUATETA MYJUA.
  1321 | D:2      | 1321 ||| IDENTIFYING lumpy coppery potion
  1322 | D:2      | 1322 ||| DROPPING potion of lignification.
  1502 | D:3      | Noticed Robin
  1506 | D:3      | Reached skill level 1 in Armour
  1517 | D:3      | Killed Robin
  1518 | D:3      | 1518 ||| FLEEEEING.
  1519 | D:3      | 1519 ||| FLEEEEING.
  1520 | D:3      | 1520 ||| FLEEEEING.
  1521 | D:3      | 1521 ||| FLEEEEING.
  1522 | D:3      | 1522 ||| FLEEEEING.
  1523 | D:3      | 1523 ||| FLEEEEING.
  1524 | D:3      | 1524 ||| FLEEEEING.
  1525 | D:3      | 1525 ||| FLEEEEING.
  1536 | D:3      | 1536 ||| FLEEEEING.
  1542 | D:3      | 1542 ||| FLEEEEING.
  1543 | D:3      | 1543 ||| FLEEEEING.
  1544 | D:3      | 1544 ||| FLEEEEING.
  1545 | D:3      | 1545 ||| FLEEEEING.
  1681 | D:3      | Found a transporter.
  1681 | D:3      | Noticed qw's ghost (amateur GrHu)
  1753 | D:3      | Found a transporter.
  1929 | D:3      | 1929 ||| UPGRADING to +0 helmet.
  1934 | D:3      | 1934 ||| READING scroll of identify.
  1934 | D:3      | 1934 ||| IDENTIFYING smoky clear potion
  1935 | D:3      | 1935 ||| DROPPING potion of degeneration.
  2061 | D:4      | Noticed an ogre
  2068 | D:4      | 2068 ||| ZAPPING wand of flame (18) at 0,-1 (ogre; floor).
  2069 | D:4      | 2069 ||| ZAPPING wand of flame (17) at 0,-1 (ogre; floor).
  2070 | D:4      | 2070 ||| ZAPPING wand of flame (16) at 0,-1 (ogre; floor).
  2070 | D:4      | HP: 4/28 [ogre/+0 giant spiked club (12)]
  2071 | D:4      | 2071 ||| ZAPPING wand of flame (15) at 0,-1 (ogre; floor).
  2072 | D:4      | 2072 ||| ZAPPING wand of flame (14) at 0,-1 (ogre; floor).
  2073 | D:4      | 2073 ||| ZAPPING wand of flame (13) at 0,-1 (ogre; floor).
  2073 | D:4      | Killed an ogre
  2074 | D:4      | Reached skill level 6 in Ranged Weapons
  2074 | D:4      | Reached XP level 5. HP: 6/32 MP: 5/5
  2216 | D:4      | Noticed an ogre
  2217 | D:4      | 2217 ||| ZAPPING wand of flame (12) at 2,6 (ogre; floor).
  2218 | D:4      | 2218 ||| ZAPPING wand of flame (11) at 2,5 (ogre; floor).
  2219 | D:4      | 2219 ||| ZAPPING wand of flame (10) at 2,4 (ogre; floor).
  2220 | D:4      | 2220 ||| ZAPPING wand of flame (9) at 1,3 (ogre; floor).
  2221 | D:4      | 2221 ||| ZAPPING wand of flame (8) at 1,3 (ogre; floor).
  2221 | D:4      | Killed an ogre
  2222 | D:4      | Reached XP level 6. HP: 38/38 MP: 6/6
  2403 | D:4      | 2403 ||| FLEEEEING.
  2510 | D:4      | Reached skill level 7 in Ranged Weapons
  2589 | D:4      | 2589 ||| UPGRADING to amulet of guardian spirit.
  2594 | D:4      | 2594 ||| DROPPING ring of magical power.
  2595 | D:4      | 2595 ||| READING scroll of identify.
  2595 | D:4      | 2595 ||| IDENTIFYING sapphire potion
  2596 | D:4      | 2596 ||| DRINKING 2 fuming green potions.
  2597 | D:4      | 2597 ||| DRINKING lumpy sapphire potion.
  2598 | D:4      | 2598 ||| DRINKING 2 clear potions.
  2599 | D:4      | 2599 ||| DROPPING potion of berserk rage.
  2600 | D:4      | 2600 ||| DROPPING potion of ambrosia.
  2633 | D:5      | Entered Level 5 of the Dungeon
  2675 | D:5      | Noticed a black bear
  2680 | D:5      | Killed a black bear
  2681 | D:5      | Reached skill level 3 in Armour
  2681 | D:5      | Reached XP level 7. HP: 43/43 MP: 7/7
  3014 | D:5      | Found a stormy altar of Qazlal.
  3043 | D:5      | 3043 ||| FLEEEEING.
  3365 | D:5      | Found a broken altar of Ashenzari.
  3480 | D:5      | 3480 ||| READING 3 scrolls of identify.
  3480 | D:5      | 3480 ||| IDENTIFYING fuming amethyst potion
  3481 | D:5      | 3481 ||| READING 2 scrolls of identify.
  3481 | D:5      | 3481 ||| IDENTIFYING metallic clear potion
  3482 | D:5      | 3482 ||| READING scroll of identify.
  3482 | D:5      | 3482 ||| IDENTIFYING coppery potion
  3483 | D:5      | 3483 ||| READING scroll labelled XAGRUOMMIG.
  3484 | D:5      | 3484 ||| READING scroll labelled COXOMARODI.
  3485 | D:5      | 3485 ||| READING scroll labelled ZIZITA FAUT.
  3717 | D:6      | Reached skill level 8 in Ranged Weapons
  3756 | D:6      | Found a shimmering blue altar of Sif Muna.
  3788 | D:6      | 3788 ||| FLEEEEING.
  3850 | D:6      | Reached XP level 8. HP: 48/48 MP: 8/8
  4090 | D:6      | 4090 ||| FLEEEEING.
  4098 | D:6      | 4098 ||| STAIRDANCE
  4134 | D:5      | 4134 ||| FLEEEEING.
  4140 | D:5      | 4140 ||| STAIRDANCE
  4194 | D:4      | 4194 ||| UPGRADING to +2 leather armour of poison
                  | resistance.
  4204 | D:4      | 4204 ||| DROPPING +0 ring mail.
  4494 | D:6      | 4494 ||| READING scroll of identify.
  4494 | D:6      | 4494 ||| IDENTIFYING scroll labelled DASEXT FAEM
  4495 | D:6      | 4495 ||| DROPPING scroll of torment.
  4614 | D:7      | Found Mul Dai's Gadget Gallery.
  4622 | D:7      | 4622 ||| BUYING wand of charming (5) (156 gold).
  4622 | D:7      | Bought a wand of charming (5) for 156 gold pieces
  4622 | D:7      | 4622 ||| BUYING wand of polymorph (5) (91 gold).
  4622 | D:7      | Bought a wand of polymorph (5) for 91 gold pieces
  4668 | D:7      | Found a bloodstained altar of Trog.
  4706 | D:7      | 4706 ||| DRINKING 2 potions of curing.
  4706 | D:7      | 4706 ||| (to cure confusion)
  4716 | D:7      | 4716 ||| FLEEEEING.
  4729 | D:7      | 4729 ||| FLEEEEING.
  4833 | D:7      | Reached skill level 9 in Ranged Weapons
  4898 | D:7      | Reached skill level 6 in Fighting
  4995 | D:7      | 4995 ||| FLEEEEING.
  5048 | D:7      | Found a staircase to the Ecumenical Temple.
  5049 | D:7      | 5049 ||| PLANNING TEMPLE
  5049 | D:7      | 5049 ||| READING scroll labelled DYURUR KEUMU.
  5050 | D:7      | 5050 ||| DRINKING 2 white potions.
  5057 | Temple   | Entered the Ecumenical Temple
  5058 | Temple   | 5058 ||| PLANNING D:1-11
  5108 | D:7      | Noticed a hornet
  5115 | D:7      | Killed a hornet
  5116 | D:7      | Reached skill level 10 in Ranged Weapons
  5116 | D:7      | Reached XP level 9. HP: 41/56 MP: 7/9
  5131 | D:7      | 5131 ||| FLEEEEING.
  5336 | D:7      | 5336 ||| FLEEEEING.
  5600 | D:7      | Reached skill level 3 in Dodging
  5600 | D:7      | 5600 ||| FLEEEEING.
  5657 | D:7      | 5657 ||| FLEEEEING.
  5698 | D:7      | 5698 ||| FLEEEEING.
  5765 | D:7      | Found a basalt altar of Yredelemnul.
  5957 | D:7      | 5957 ||| DROPPING wand of flame (7).
  5959 | D:7      | 5959 ||| FLEEEEING.
  5960 | D:7      | 5960 ||| FLEEEEING.
  6031 | D:7      | Reached skill level 11 in Ranged Weapons
  6033 | D:7      | 6033 ||| FLEEEEING.
  6083 | D:7      | 6083 ||| FLEEEEING.
  6203 | D:7      | 6203 ||| READING scroll of identify.
  6203 | D:7      | 6203 ||| IDENTIFYING fizzy blue potion
  6204 | D:7      | 6204 ||| READING scroll labelled AMODAY QAUGOTIU.
  6205 | D:7      | 6205 ||| READING scroll labelled GUSKEJOONO.
  6206 | D:7      | 6206 ||| FLEEEEING.
  6211 | D:7      | 6211 ||| DROPPING potion of invisibility.
  6267 | D:8      | Found an opulent altar of Gozag.
  6282 | D:8      | 6282 ||| RETREEEEATING.
  6298 | D:8      | Reached XP level 10. HP: 37/64 MP: 5/10
  6340 | D:8      | 6340 ||| FLEEEEING.
  6536 | D:8      | 6536 ||| FLEEEEING.
  6717 | D:8      | 6717 ||| FLEEEEING.
  6769 | D:8      | Noticed qw's ghost (novice GrHu)
  6815 | D:8      | Reached skill level 12 in Ranged Weapons
  6818 | D:8      | 6818 ||| FLEEEEING.
  6872 | D:8      | Found a runed translucent door.
  7187 | D:8      | Found a snail-covered altar of Cheibriados.
  7365 | D:8      | 7365 ||| RETREEEEATING.
  7407 | D:8      | 7407 ||| FLEEEEING.
  7428 | D:8      | 7428 ||| FLEEEEING.
  7557 | D:8      | 7557 ||| SWAPPING to +0 orcbow.
  7559 | D:8      | 7559 ||| RETREEEEATING.
  7560 | D:8      | 7560 ||| DROPPING +3 shortbow.
  7588 | D:8      | 7588 ||| FLEEEEING.
  7600 | D:8      | 7600 ||| FLEEEEING.
  7761 | D:8      | 7761 ||| READING scroll of enchant weapon.
  7761 | D:8      | 7761 ||| ENCHANTING +0 orcbow.
  8012 | D:8      | 8012 ||| UPGRADING to +0 steam dragon scales.
  8022 | D:8      | 8022 ||| DROPPING +2 leather armour of poison resistance.
  8023 | D:8      | 8023 ||| UPGRADING to ring of resist corrosion.
  8024 | D:8      | 8024 ||| READING scroll labelled WUDA DEHEUNO.
  8025 | D:8      | 8025 ||| FLEEEEING.
  8209 | D:9      | HP: 10/64 [orc priest/divine providence (8)]
  8210 | D:9      | 8210 ||| DRINKING 2 potions of heal wounds.
  8214 | D:9      | HP: 16/64 [orc priest/+0 war axe (6)]
  8215 | D:9      | 8215 ||| DRINKING potion of heal wounds.
  8220 | D:9      | HP: 10/64 [orc priest/divine providence (12)]
  8221 | D:9      | Reached skill level 13 in Ranged Weapons
  8221 | D:9      | HP: 4/64 [orc priest/+0 war axe (7)]
  8230 | D:9      | 8230 ||| FLEEEEING.
  8303 | D:9      | 8303 ||| FLEEEEING.
  8312 | D:9      | 8312 ||| STAIRDANCE
  8491 | D:9      | 8491 ||| RETREEEEATING.
  8493 | D:9      | 8493 ||| RETREEEEATING.
  8497 | D:9      | 8497 ||| RETREEEEATING.
  8508 | D:9      | 8508 ||| FLEEEEING.
  8509 | D:9      | 8509 ||| FLEEEEING.
  8510 | D:9      | 8510 ||| FLEEEEING.
  8511 | D:9      | 8511 ||| FLEEEEING.
  8512 | D:9      | 8512 ||| FLEEEEING.
  8519 | D:9      | Reached skill level 9 in Fighting
  8551 | D:9      | 8551 ||| FLEEEEING.
  8786 | D:9      | 8786 ||| RETREEEEATING.
  8789 | D:9      | 8789 ||| RETREEEEATING.
  8790 | D:9      | 8790 ||| RETREEEEATING.
  8791 | D:9      | 8791 ||| RETREEEEATING.
  8792 | D:9      | 8792 ||| RETREEEEATING.
  8793 | D:9      | 8793 ||| RETREEEEATING.
  8793 | D:9      | HP: 13/66 [orc priest/divine providence (13)]
  8794 | D:9      | 8794 ||| RETREEEEATING.
  8795 | D:9      | 8795 ||| RETREEEEATING.
  8796 | D:9      | 8796 ||| RETREEEEATING.
  8799 | D:9      | 8799 ||| RETREEEEATING.
  8807 | D:9      | HP: 15/66 [gnoll sergeant/+0 spear (1)]
  8807 | D:9      | HP: 7/66 [orc priest/divine providence (8)]
  8809 | D:9      | Killed from afar by an orc priest

Levels and vault maps discovered:
D:1:      dpeg_arrival_rooms_c, layout_basic
D:2:      layout_rooms, shapermc_ecumenical_altar_rom_forum,
          minmay_randomly_rotated_circles
D:3:      layout_basic, gammafunk_ghost_mausoleum, uniq_robin
D:4:      layout_basic, minmay_quantized
D:5:      layout_basic, mainiacjoe_overflow_24_doors,
          mainiacjoe_overflow_surrounded_room
D:6:      layout_basic, mainiacjoe_overflow_concentric_impassable
D:7:      cheibrodos_two_vegetables, layout_basic, trog_three_pillars_becter,
          lemuel_mausoleum_altar_yredelemnul, minmay_temple_entry_arrows,
          serial_bayou_pond_a, nicolae_shop_gadgets
D:8:      minmay_octagon_keep, layout_basic, chei_slow_surprise,
          mainiacjoe_overflow_paths, hellmonk_ghost_happy_afterlife
D:9:      layout_basic, amethyst_overflow_temple_binary
Temple:   nicolae_temple_ecumenical_triangle

Skill      XL: |  1  2  3  4  5  6  7  8  9 10 |
---------------+-------------------------------+-----
Ranged Weapons | 5 6 7 8 10 11 13 | 13.0
Fighting       | 3 4 6 8 9 |  9.0
Armour         | 1 3 |  3.6
Dodging        | 2 3 4 |  4.0
Stealth        | |  1.1

Action                     |  1- 3 |  4- 6 |  7- 9 | 10-12 || total
---------------------------+-------+-------+-------+-------++-------
   Fire: Shortbow          |   124 |   121 |   414 |   123 ||   782
         Orcbow            |       |       |       |   105 ||   105
  Evoke: Wand              |       |    11 |       |       ||    11
    Use: Scroll            |     4 |     4 |    11 |     2 ||    21
         Potion            |       |     3 |     2 |     2 ||     7
 Armour: Leather armour    |    24 |       |   155 |    53 ||   232
         Ring mail         |       |    28 |    77 |       ||   105
         Steam dragon scal |       |       |       |    46 ||    46
  Dodge: Dodged            |    38 |    21 |   140 |   113 ||   312

Table legend:
 A = Non-vault XP
 B = Vault XP
 C = Vault XP percentage of total XP
 D = Non-vault monster count
 E = Vault monster count
 F = Vault count percentage of total count
                 A         B        C        D         E       F
            +---------+---------+-------+---------+---------+-------
      Total |    5026 |    3318 |  39.8 |     150 |      51 |  25.4
            +---------+---------+-------+---------+---------+-------
        D:1 |      36 |       0 |   0.0 |      23 |       0 |   0.0
        D:2 |      34 |      13 |  27.7 |      18 |       6 |  25.0
        D:3 |      30 |      37 |  55.2 |       9 |      12 |  57.1
        D:4 |     365 |      44 |  10.8 |      17 |       3 |  15.0
        D:5 |     408 |       0 |   0.0 |      11 |       0 |   0.0
        D:6 |     384 |       0 |   0.0 |      17 |       0 |   0.0
        D:7 |     935 |    2079 |  69.0 |      20 |      21 |  51.2
        D:8 |    1549 |    1145 |  42.5 |      22 |       9 |  29.0
        D:9 |    1285 |       0 |   0.0 |      13 |       0 |   0.0
            +---------+---------+-------+---------+---------+-------
